AAA WEST
SUGAR LAND SKEETERS @ LAS VEGAS AVIATORS
04/11/2042
 
TOP OF THE 1ST
Sugar Land Skeeters batting - Pitching for Las Vegas Aviators : LHP Dan Moore
Pitching: LHP Dan Moore
Batting: RHB Héctor López 0-0: Ground out 4-3 (Groundball, 4, EV 78.8 MPH)
Batting: LHB Tony Cardoza 0-0: Ball
1-0: Foul Ball, location: 3FF
1-1: Foul Ball, location: 2F
1-2: Ground out U3 (Groundball, 34, EV 105.0 MPH)
Batting: LHB Jeremy Edwards 0-0: Foul Ball, location: 2F
0-1: Foul Ball, location: 25F
0-2: Ball
1-2: Foul Ball, location: 3DF
1-2: Foul Ball, location: 2F
1-2: Strikes out looking
Top of the 1st over - 0 runs, 0 hits, 0 errors, 0 left on base; Sugar Land 0 - Las Vegas 0
BOTTOM OF THE 1ST
Las Vegas Aviators batting - Pitching for Sugar Land Skeeters : RHP Brad Butler
Pitching: RHP Brad Butler
Batting: RHB Ernesto Peña 0-0: Ball
1-0: Called Strike
1-1: Ball
2-1: Fly out, F9 (Flyball, 9D, EV 108.1 MPH)
Batting: RHB Tim Ladner 0-0: Ball
1-0: Called Strike
1-1: Called Strike
1-2: SINGLE (Groundball, 4, EV 97.5 MPH) (infield hit)
Batting: LHB Dane Edgar 0-0: Ball
1-0: Called Strike
1-1: Foul Ball, location: 3DF
1-2: Foul Ball, location: 2F
1-2: Ball
Wild Pitch!
Tim Ladner to second
2-2: Foul Ball, location: 2F
2-2: Foul Ball, location: 9LSFF
2-2: Strikes out swinging
Batting: SHB Jimmy Beard 0-0: Ball
1-0: Swinging Strike
1-1: Foul Ball, location: 2F
1-2: SINGLE (Line Drive, 8RS, EV 102.5 MPH)
Tim Ladner to third
Runner from 3rd tries for Home, SAFE, throw by CF to home
Jimmy Beard to second
Batting: RHB Sandoval Buitrago 0-0: Foul Ball, location: 5F
0-1: Ball
1-1: SINGLE (Line Drive, 7S, EV 107.5 MPH)
Jimmy Beard to third
Runner from 3rd tries for Home, SAFE, throw by LF to home
Batting: LHB Doug Park 0-0: Ball
1-0: Foul Ball, location: 2F
1-1: Swinging Strike
1-2: Ball
2-2: Strikes out swinging
Bottom of the 1st over - 2 runs, 3 hits, 0 errors, 1 left on base; Sugar Land 0 - Las Vegas 2
TOP OF THE 2ND
Sugar Land Skeeters batting - Pitching for Las Vegas Aviators : LHP Dan Moore
Batting: SHB Brendan Jeffries 0-0: Called Strike
0-1: Ball
1-1: Called Strike
1-2: Ball
2-2: Strikes out swinging
Batting: LHB Jorge Garza 0-0: Ball
1-0: Foul Ball, location: 5FF
1-1: Ball
2-1: Ground out 6-3 (Groundball, 6, EV 85.6 MPH)
Batting: RHB Thad Lane 0-0: Swinging Strike
0-1: Foul Ball, location: 3F, Error on foul ball, E3
0-2: Ball
1-2: Strikes out swinging
Top of the 2nd over - 0 runs, 0 hits, 1 error, 0 left on base; Sugar Land 0 - Las Vegas 2
BOTTOM OF THE 2ND
Las Vegas Aviators batting - Pitching for Sugar Land Skeeters : RHP Brad Butler
Batting: RHB Bert Gray 0-0: Ground out 6-3 (Groundball, 6, EV 68.1 MPH)
Batting: LHB Zane Becker 0-0: Ball
1-0: Called Strike
1-1: Foul Ball, location: 7LDF
1-2: Strikes out swinging
Batting: SHB Esteban Martínez 0-0: Called Strike
0-1: Ball
1-1: Ball
2-1: Ball
3-1: Foul Ball, location: 7LMF
3-2: Strikes out looking
Bottom of the 2nd over - 0 runs, 0 hits, 0 errors, 0 left on base; Sugar Land 0 - Las Vegas 2
TOP OF THE 3RD
Sugar Land Skeeters batting - Pitching for Las Vegas Aviators : LHP Dan Moore
Batting: RHB Sergio Verez 0-0: Foul Ball, location: 2F
0-1: Swinging Strike
0-2: Strikes out swinging
Batting: RHB Baden Jiang 0-0: Ball
1-0: Called Strike
1-1: Called Strike
1-2: Ground out U3 (Groundball, 34, EV 101.9 MPH)
Batting: LHB Jeff Poole 0-0: Foul Ball, location: 2F
0-1: Fly out, F7 (Flyball, 7D, EV 111.9 MPH)
Top of the 3rd over - 0 runs, 0 hits, 0 errors, 0 left on base; Sugar Land 0 - Las Vegas 2
BOTTOM OF THE 3RD
Las Vegas Aviators batting - Pitching for Sugar Land Skeeters : RHP Brad Butler
Batting: RHB Ernesto Peña 0-0: Called Strike
0-1: Ground out 6-3 (Groundball, 6, EV 86.9 MPH)
Batting: RHB Tim Ladner 0-0: Ball
1-0: Ball
2-0: Ground out U3 (Groundball, 3, EV 88.8 MPH)
Batting: LHB Dane Edgar 0-0: Ball
1-0: SINGLE (Line Drive, 34D, EV 98.1 MPH)
Batting: SHB Jimmy Beard 0-0: Called Strike
0-1: Swinging Strike
0-2: Ball
1-2: Foul Ball, location: 9LSF
1-2: Ball
2-2: Fielders Choice at 2nd, 5-4 (Groundball, 5, EV 103.1 MPH)
Bottom of the 3rd over - 0 runs, 1 hit, 0 errors, 1 left on base; Sugar Land 0 - Las Vegas 2
TOP OF THE 4TH
Sugar Land Skeeters batting - Pitching for Las Vegas Aviators : LHP Dan Moore
Batting: RHB Héctor López 0-0: Ball
1-0: Ball
2-0: Called Strike
2-1: Foul Ball, location: 7LDF
2-2: Strikes out looking
Batting: LHB Tony Cardoza 0-0: Ball
1-0: Called Strike
1-1: Called Strike
1-2: Ground out 4-3 (Groundball, 4, EV 98.1 MPH)
Batting: LHB Jeremy Edwards 0-0: Foul Ball, location: 2F
0-1: Ball
1-1: SOLO HOME RUN (Flyball, 78XD, EV 108.8 MPH), Distance : 401 ft
Batting: SHB Brendan Jeffries 0-0: Ball
1-0: Ball
2-0: Foul Ball, location: 2F
2-1: Called Strike
2-2: Ball
3-2: Base on Balls
Batting: LHB Jorge Garza 0-0: Ball
1-0: Called Strike
1-1: Foul Ball, location: 2F
1-2: Ball
2-2: Strikes out swinging
Top of the 4th over - 1 run, 1 hit, 0 errors, 1 left on base; Sugar Land 1 - Las Vegas 2
BOTTOM OF THE 4TH
Las Vegas Aviators batting - Pitching for Sugar Land Skeeters : RHP Brad Butler
Batting: RHB Sandoval Buitrago 0-0: Ball
1-0: Ball
2-0: Fly out, F7 (Line Drive, 7S, EV 85.0 MPH)
Batting: LHB Doug Park 0-0: Foul Ball, location: 9LSF
0-1: Ball
1-1: Ball
2-1: Ball
3-1: Called Strike
3-2: Ground out 4-3 (Groundball, 4, EV 85.0 MPH)
Batting: RHB Bert Gray 0-0: Swinging Strike
0-1: Fly out, F8 (Flyball, 8RD, EV 106.9 MPH)
Bottom of the 4th over - 0 runs, 0 hits, 0 errors, 0 left on base; Sugar Land 1 - Las Vegas 2
TOP OF THE 5TH
Sugar Land Skeeters batting - Pitching for Las Vegas Aviators : LHP Dan Moore
Batting: RHB Thad Lane 0-0: Ball
1-0: Ball
2-0: Called Strike
2-1: Called Strike
2-2: Strikes out swinging
Batting: RHB Sergio Verez 0-0: Fly out, F3 (Popup, 3F, EV 73.1 MPH)
Batting: RHB Baden Jiang 0-0: Foul Ball, location: 25F
0-1: Swinging Strike
0-2: Strikes out looking
Top of the 5th over - 0 runs, 0 hits, 0 errors, 0 left on base; Sugar Land 1 - Las Vegas 2
BOTTOM OF THE 5TH
Las Vegas Aviators batting - Pitching for Sugar Land Skeeters : RHP Brad Butler
Batting: LHB Zane Becker 0-0: Foul Ball, location: 7LMF
0-1: Ball
1-1: Foul Ball, location: 3F
1-2: DOUBLE (Line Drive, 9LM, EV 105.0 MPH)
Batting: SHB Esteban Martínez 0-0: Fly out, F9 (Flyball, 9, EV 86.3 MPH)
Batting: RHB Ernesto Peña 0-0: Ground out 6-3 (Groundball, 6, EV 99.4 MPH)
Batting: RHB Tim Ladner 0-0: Ball
1-0: Called Strike
1-1: Swinging Strike
1-2: Ball
2-2: Foul Ball, location: 9LSF
2-2: Foul Ball, location: 2F
2-2: Foul Ball, location: 2F
2-2: Ground out 4-3 (Groundball, 34, EV 88.1 MPH)
Bottom of the 5th over - 0 runs, 1 hit, 0 errors, 1 left on base; Sugar Land 1 - Las Vegas 2
TOP OF THE 6TH
Sugar Land Skeeters batting - Pitching for Las Vegas Aviators : LHP Dan Moore
Batting: LHB Jeff Poole 0-0: Called Strike
0-1: Ball
1-1: Fly out, F4 (Popup, 4MD, EV 50.6 MPH)
Batting: RHB Héctor López 0-0: Called Strike
0-1: Ball
1-1: Ball
2-1: Foul Ball, location: 3DF
2-2: Ball
3-2: Foul Ball, location: 3SF
3-2: Base on Balls
Batting: LHB Tony Cardoza 0-0: Ball
Héctor López steals 2nd base
1-0: Called Strike
1-1: SINGLE (Line Drive, 34D, EV 106.3 MPH)
Héctor López to third
Runner from 3rd tries for Home, SAFE, throw by RF to home
Batting: LHB Jeremy Edwards 0-0: 2-RUN HOME RUN (Flyball, 9LD, EV 94.4 MPH), Distance : 336 ft
Batting: SHB Brendan Jeffries 0-0: Called Strike
0-1: Ball
1-1: Ball
2-1: Called Strike
2-2: Ball
3-2: Fly out, F9 (Flyball, 89M, EV 93.1 MPH)
Batting: LHB Jorge Garza 0-0: Ball
1-0: Ball
2-0: Ball
3-0: Called Strike
3-1: Base on Balls
Batting: RHB Thad Lane 0-0: Ball
1-0: Ball
2-0: Ball
3-0: Base on Balls
Jorge Garza to second
Batting: RHB Sergio Verez 0-0: Ball
1-0: Foul Ball, location: 2RF
1-1: Ball
2-1: Ball
3-1: Foul Ball, location: 9LSF
3-2: Foul Ball, location: 2F
3-2: Base on Balls
Jorge Garza to third
Thad Lane to second
Batting: RHB Baden Jiang 0-0: Ball
1-0: Foul Ball, location: 3FF
1-1: Ball
2-1: Ground out 6-3 (Groundball, 4MS, EV 68.1 MPH)
Top of the 6th over - 3 runs, 2 hits, 0 errors, 3 left on base; Sugar Land 4 - Las Vegas 2
BOTTOM OF THE 6TH
Las Vegas Aviators batting - Pitching for Sugar Land Skeeters : RHP Brad Butler
Batting: LHB Dane Edgar 0-0: Called Strike
0-1: Foul Ball, location: 9LMF
0-2: Ball
1-2: Ball
2-2: Strikes out swinging
Batting: SHB Jimmy Beard 0-0: Ball
1-0: Called Strike
1-1: Foul Ball, location: 2F
1-2: Ball
2-2: Ball
3-2: Foul Ball, location: 3F
3-2: Ground out 4-3 (Groundball, 4, EV 101.3 MPH)
Batting: RHB Sandoval Buitrago 0-0: Called Strike
0-1: Ball
1-1: Ball
2-1: Foul Ball, location: 2F
2-2: Ball
3-2: SINGLE (Line Drive, 9S, EV 103.8 MPH)
Batting: LHB Doug Park 0-0: Ball
1-0: Called Strike
1-1: Swinging Strike
1-2: Foul Ball, location: 23F
1-2: Ball
2-2: Foul Ball, location: 2F
2-2: SINGLE (Groundball, 6MD, EV 105.0 MPH)
Sandoval Buitrago to second
Runner from 2nd tries for 3rd, SAFE, throw by CF made to third
Batting: RHB Bert Gray 0-0: Ball
1-0: Ball
2-0: Ball
3-0: Called Strike
3-1: Base on Balls
Doug Park to second
Pitching: RHP Tony Bader
Batting: LHB Zane Becker 0-0: Foul Ball, location: 2F
0-1: Foul Ball, location: 7LDF
0-2: Ball
1-2: Ball
2-2: Foul Ball, location: 2F
2-2: Ball
3-2: Base on Balls
Sandoval Buitrago scores
Doug Park to third
Bert Gray to second
Batting: SHB Esteban Martínez 0-0: Foul Ball, location: 23F
0-1: Called Strike
0-2: SINGLE (Groundball, 6MD, EV 102.5 MPH)
Doug Park scores
Bert Gray to third
Zane Becker to second
Runner from 3rd tries for Home, SAFE, throw by CF to home
Batting: RHB Ernesto Peña 0-0: Foul Ball, location: 2F
0-1: Ball
1-1: Ball
2-1: Fly out, F3 (Popup, 3L, EV 80.0 MPH)
Bottom of the 6th over - 3 runs, 3 hits, 0 errors, 2 left on base; Sugar Land 4 - Las Vegas 5
TOP OF THE 7TH
Sugar Land Skeeters batting - Pitching for Las Vegas Aviators : LHP Dan Moore
Batting: LHB Jeff Poole 0-0: Foul Ball, location: 7LSF
0-1: Ground out 4-3 (Groundball, 4, EV 106.3 MPH)
Batting: RHB Héctor López 0-0: Ball
1-0: Called Strike
1-1: Foul Ball, location: 5SF
1-2: Foul Ball, location: 2F
1-2: Foul Ball, location: 7LSF
1-2: Strikes out swinging
Batting: LHB Tony Cardoza 0-0: Ball
1-0: Foul Ball, location: 2F
1-1: Ground out 4-3 (Groundball, 4, EV 105.6 MPH)
Top of the 7th over - 0 runs, 0 hits, 0 errors, 0 left on base; Sugar Land 4 - Las Vegas 5
BOTTOM OF THE 7TH
Las Vegas Aviators batting - Pitching for Sugar Land Skeeters : RHP Tony Bader
Batting: RHB Tim Ladner 0-0: Called Strike
0-1: Ball
1-1: Foul Ball, location: 3F
1-2: Ball
2-2: Ground out 5-3 (Groundball, 56, EV 101.9 MPH)
Batting: LHB Dane Edgar 0-0: Ball
1-0: Ball
2-0: Foul Ball, location: 9LSF
2-1: Swinging Strike
2-2: Ball
3-2: Base on Balls
Batting: SHB Jimmy Beard 0-0: Foul Ball, location: 2F
0-1: Swinging Strike
0-2: Foul Ball, location: 2F
0-2: Foul Ball, location: 9LMFF
0-2: Ball
1-2: SINGLE (Groundball, 34S, EV 67.5 MPH) (infield hit)
Dane Edgar to second
Batting: RHB Sandoval Buitrago 0-0: Ball
1-0: Ball
2-0: SINGLE (Groundball, 56D, EV 108.1 MPH)
Dane Edgar to third
Jimmy Beard to second
Runner from 3rd tries for Home, SAFE, throw by LF to home
Batting: LHB Doug Park 0-0: Called Strike
0-1: Ball
1-1: Ball
2-1: Ball
3-1: SINGLE (Line Drive, 4M, EV 96.3 MPH)
Jimmy Beard to third
Sandoval Buitrago to second
Batting: RHB Bert Gray 0-0: Called Strike
0-1: Swinging Strike
0-2: SINGLE (Line Drive, 7S, EV 92.5 MPH)
Jimmy Beard scores
Sandoval Buitrago to third
Doug Park to second
Batting: LHB Zane Becker 0-0: Ball
1-0: Fly out, F8 (Line Drive, 8LM, EV 94.4 MPH)
Runner from 3rd tags up, SCORES, throw by CF
Pitching: LHP Manolito Ayala
Batting: SHB Esteban Martínez 0-0: Ball
1-0: Ground out U3 (Groundball, 34, EV 85.0 MPH)
Bottom of the 7th over - 3 runs, 4 hits, 0 errors, 2 left on base; Sugar Land 4 - Las Vegas 8
TOP OF THE 8TH
Sugar Land Skeeters batting - Pitching for Las Vegas Aviators : LHP Dan Moore
Pitching: LHP Jorge Reyes
Batting: LHB Jeremy Edwards 0-0: Foul Ball, location: 5F
0-1: Foul Ball, location: 2F
0-2: Ball
1-2: Foul Ball, location: 2F
1-2: Strikes out looking
Batting: SHB Brendan Jeffries 0-0: Ball
1-0: Foul Ball, location: 9LSF
1-1: Foul Ball, location: 2F
1-2: Fly out, F9 (Flyball, 9D, EV 101.9 MPH)
Batting: LHB Jorge Garza 0-0: Ball
1-0: Foul Ball, location: 7LDF
1-1: Ground out 6-3 (Groundball, 6, EV 101.3 MPH)
Top of the 8th over - 0 runs, 0 hits, 0 errors, 0 left on base; Sugar Land 4 - Las Vegas 8
BOTTOM OF THE 8TH
Las Vegas Aviators batting - Pitching for Sugar Land Skeeters : LHP Manolito Ayala
Batting: RHB Ernesto Peña 0-0: Ball
1-0: Ball
2-0: Fly out, F8 (Flyball, 8RD, EV 93.8 MPH)
Batting: RHB Tim Ladner 0-0: Ball
1-0: Ball
2-0: Ball
3-0: Base on Balls
Batting: LHB Dane Edgar 0-0: Ball
1-0: Foul Ball, location: 7LSF
1-1: Grounds into double play, 4-6-3 (Groundball, 4, EV 96.3 MPH)
Bottom of the 8th over - 0 runs, 0 hits, 0 errors, 0 left on base; Sugar Land 4 - Las Vegas 8
TOP OF THE 9TH
Sugar Land Skeeters batting - Pitching for Las Vegas Aviators : LHP Jorge Reyes
Batting: RHB Thad Lane 0-0: Called Strike
0-1: Ball
1-1: Ball
2-1: Ball
3-1: Base on Balls
Batting: RHB Sergio Verez 0-0: Ball
1-0: DOUBLE (Line Drive, 89D, EV 103.1 MPH)
Thad Lane to third
Pitching: RHP Tim Walker
Pinch Hitting: LHB Phil Rose 0-0: Foul Ball, location: 3F
0-1: Foul Ball, location: 2F
0-2: Ball
1-2: Ball
2-2: Strikes out swinging
Batting: LHB Jeff Poole 0-0: SINGLE (Line Drive, 8LS, EV 101.9 MPH)
Thad Lane scores
Sergio Verez to third
Pinch Hitting: SHB Tomás Martínez 0-0: Ball
1-0: Swinging Strike
1-1: Foul Ball, location: 2F
1-2: Foul Ball, location: 2F
1-2: Ball
2-2: Grounds into double play, U6-3 (Groundball, P, EV 89.4 MPH)
Top of the 9th over - 1 run, 2 hits, 0 errors, 1 left on base; Sugar Land 5 - Las Vegas 8
Wednesday, May 1st , 2024 - OOTP Baseball 24.10 Build 82